[Event "Titled Tuesday Blitz December 27 Late 2022"]
[White "Gasparyan, David"]
[Black "Torres Dominguez, David"]
[WhiteFideId "13311980"]
[BlackFideId "2220857"]
[WhiteElo "2142"]
[BlackElo "1994"]
[Result "0-1"]
[Round "09"]
[TimeControl "180+2"]
[Date "2022.12.27"]
[WhiteClock "0:00:13"]
[BlackClock "0:00:13"]

1. g3 e5 2. Bg2 Nc6 3. d3 f5 4. c4 Nf6 5. Nc3 Bb4 6. e3 Bxc3+ 7. bxc3 O-O 8. Ne2 d6 9. O-O Qe8 10. d4 e4 11. Ba3 Na5 12. c5 d5 13. c6 Rf7 14. cxb7 Bxb7 15. Rb1 Bc6 16. Nc1 Nc4 17. Bc5 Ba4 18. Nb3 g5 19. Qe2 f4 20. exf4 gxf4 21. gxf4 Rg7 22. Kh1 Nh5 23. Rg1 Nxf4 24. Qf1 Qh5 25. Bxe4 dxe4 26. Qxc4+ Kh8 27. Nd2 e3 28. Rxg7 Bc6+ 29. d5 Bxd5+ 30. Qxd5 Qxd5+ 31. f3 Kxg7 32. Ne4 e2 33. Bd4+ Kf8 34. Rg1 Re8 35. Nf6 Qxf3+ 0-1


[Site "https://www.chess.com"]

[Event "Titled Tuesday Blitz December 27 Late 2022"]
[White "Gatterer, Florian"]
[Black "Araujo, Everson De Moura"]
[WhiteFideId "811688"]
[BlackFideId "22737197"]
[WhiteElo "2170"]
[BlackElo "1944"]
[Result "0-1"]
[Round "09"]
[TimeControl "180+2"]
[Date "2022.12.27"]
[WhiteClock "0:01:38"]
[BlackClock "0:02:01"]

1. b3 d5 2. Nf3 Nf6 3. Bb2 Bf5 4. g3 e6 5. Bg2 Be7 6. O-O O-O 7. d3 h6 8. Nbd2 Bg6 9. e4 dxe4 10. Ne5 exd3 11. Nxg6 fxg6 12. Bxb7 dxc2 13. Qxc2 Nbd7 14. Bxa8 Qxa8 15. Qxg6 Rd8 16. Rad1 Nf8 17. Qc2 N8h7 18. Nc4 Ng5 19. Rxd8+ Bxd8 20. f4 Nh3# 0-1


[Site "https://www.chess.com"]

[Event "Titled Tuesday Blitz December 27 Late 2022"]
[White "Guevara Sanchez, Erick Marvin"]
[Black "Can, Melih Kaan"]
[WhiteFideId "6700136"]
[BlackFideId "6317383"]
[WhiteElo "2073"]
[BlackElo "2069"]
[Result "0-1"]
[Round "09"]
[TimeControl "180+2"]
[Date "2022.12.27"]
[WhiteClock "0:00:20"]
[BlackClock "0:00:47"]

1. e4 e5 2. Nf3 Nc6 3. Bc4 Nf6 4. d3 Bc5 5. O-O d6 6. c3 a6 7. Nbd2 Ba7 8. Bb3 h6 9. Re1 Be6 10. Nf1 Qd7 11. Ng3 O-O 12. Nh4 d5 13. Qe2 Bg4 14. Qf1 d4 15. h3 Be6 16. Nhf5 Rfd8 17. Qe2 dxc3 18. Bc2 cxb2 19. Bxb2 Nd4 20. Nxd4 Bxd4 21. Bxd4 Qxd4 22. Rad1 c5 23. Bb3 b5 24. Nf5 Bxf5 25. exf5 Re8 26. Qf3 Rad8 27. g4 Qf4 28. Qg2 c4 29. dxc4 bxc4 30. Bc2 c3 31. Qg3 Qxg3+ 32. fxg3 Rd2 33. Rxd2 cxd2 34. Rd1 Rd8 35. Kf2 Rd4 36. Ke2 Nd5 37. Rxd2 Nc3+ 38. Ke1 Rxd2 39. Kxd2 Nxa2 40. Kd3 Nb4+ 41. Kc3 Nxc2 42. Kxc2 f6 43. h4 Kf7 44. Kd3 Ke7 45. Kc4 Kd6 46. g5 hxg5 47. hxg5 fxg5 48. g4 a5 49. Kb5 e4 50. Kxa5 e3 51. Kb4 e2 52. Kc3 e1=Q+ 53. Kc2 Qe3 54. Kd1 Qf2 55. f6 gxf6 56. Kc1 Kc5 57. Kb1 Kc4 58. Ka1 Kb3 59. Kb1 Qf1# 0-1


[Site "https://www.chess.com"]

[Event "Titled Tuesday Blitz December 27 Late 2022"]
[White "Gurevich, Dmitry"]
[Black "Tomaszewski, Kacper"]
[WhiteFideId "2000407"]
[BlackFideId "1127373"]
[WhiteElo "2393"]
[BlackElo "2313"]
[Result "0-1"]
[Round "09"]
[TimeControl "180+2"]
[Date "2022.12.27"]
[WhiteClock "0:00:01"]
[BlackClock "0:00:03"]

1. d4 Nf6 2. c4 g6 3. Nc3 d5 4. Nf3 Bg7 5. cxd5 Nxd5 6. Bd2 O-O 7. Rc1 Nxc3 8. Bxc3 Nd7 9. e3 c5 10. dxc5 Bxc3+ 11. Rxc3 Qa5 12. a3 Qc7 13. Be2 b6 14. c6 Nc5 15. b4 Ne4 16. Rc1 Rd8 17. Qc2 Bf5 18. Nd4 Rxd4 19. exd4 Nxf2 20. Kxf2 Qf4+ 21. Bf3 Qxd4+ 22. Kg3 Qe5+ 23. Kf2 Qd4+ 24. Kg3 Bxc2 25. Rxc2 g5 26. h3 Qh4+ 27. Kh2 Rc8 28. Rd1 Qf4+ 29. Kh1 Rc7 30. Rd7 e6 31. Rxc7 Qxc7 32. Rd2 h5 33. Rd7 Qf4 34. c7 Qc1+ 35. Kh2 Kg7 36. Bxh5 Qf4+ 37. Kg1 Qe3+ 38. Kf1 Qc1+ 39. Ke2 Qc4+ 40. Kd2 Qa2+ 41. Ke1 Qb1+ 42. Kf2 Qc2+ 43. Ke3 Qc1+ 44. Ke2 Qc2+ 45. Ke1 Qc1+ 46. Bd1 Qc3+ 47. Ke2 Qc4+ 48. Kd2 Qa2+ 49. Bc2 Qc4 50. b5 Qc5 51. Bd3 Qf2+ 52. Be2 Qf4+ 53. Kd3 Qf5+ 54. Kc3 Qc5+ 55. Bc4 Kf6 56. Kb3 a5 57. Kb2 Qxc4 58. g4 a4 59. Kb1 Qxb5+ 0-1


[Site "https://www.chess.com"]

[Event "Titled Tuesday Blitz December 27 Late 2022"]
[White "Hernandez Bonilla, Amelia"]
[Black "Vega Gutierrez, Sabrina"]
[WhiteFideId "3900193"]
[BlackFideId "2219026"]
[WhiteElo "1960"]
[BlackElo "2377"]
[Result "1-0"]
[Round "09"]
[TimeControl "180+2"]
[Date "2022.12.27"]
[WhiteClock "0:01:56"]
[BlackClock "0:01:04"]

1. d4 d5 2. Bf4 e6 3. e3 Bd6 4. Nf3 c5 5. Ne5 Nf6 6. Bb5+ Nbd7 7. Nxd7 Bxd7 8. Bxd6 Bxb5 9. Bxc5 Ne4 10. Ba3 Qh4 11. Qf3 Rc8 12. c3 f5 13. Nd2 Rc7 14. Nxe4 fxe4 15. Qg3 Qd8 16. Qe5 Rf7 17. Qxe6+ 1-0


[Site "https://www.chess.com"]

[Event "Titled Tuesday Blitz December 27 Late 2022"]
[White "Holt, Conrad"]
[Black "Talibov, Shiroghlan"]
[WhiteFideId "2034387"]
[BlackFideId "13429078"]
[WhiteElo "2540"]
[BlackElo "2359"]
[Result "0-1"]
[Round "09"]
[TimeControl "180+2"]
[Date "2022.12.27"]
[WhiteClock "0:00:38"]
[BlackClock "0:01:31"]

1. d4 Nf6 2. c4 c6 3. Nc3 d5 4. e3 Bf5 5. Qb3 Qb6 6. Qxb6 axb6 7. cxd5 Nxd5 8. Nxd5 cxd5 9. Nf3 Nc6 10. Bd2 e6 11. Bb5 f6 12. Ke2 Bd6 13. Rhc1 Kd7 14. Nh4 Bg4+ 15. Kf1 g5 16. h3 Bxh3 17. gxh3 gxh4 18. a4 f5 19. Rc2 Rhc8 20. Rac1 Be7 21. Ke2 Rc7 22. Rg1 Bf6 23. b3 Kd6 24. Rgc1 Rac8 25. Kd3 e5 26. f3 e4+ 27. fxe4 fxe4+ 28. Ke2 Nxd4+ 29. exd4 Rxc2 30. Rg1 Bxd4 31. Rg5 e3 0-1


[Site "https://www.chess.com"]

[Event "Titled Tuesday Blitz December 27 Late 2022"]
[White "Jaracz, Pawel"]
[Black "Rustemov, Alexander"]
[WhiteFideId "1102222"]
[BlackFideId "4119002"]
[WhiteElo "2467"]
[BlackElo "2525"]
[Result "1-0"]
[Round "09"]
[TimeControl "180+2"]
[Date "2022.12.27"]
[WhiteClock "0:00:07"]
[BlackClock "0:00:01"]

1. e4 e6 2. d3 c5 3. Nd2 Nc6 4. Ngf3 g6 5. g3 Bg7 6. Bg2 Nge7 7. O-O O-O 8. Re1 d6 9. c3 e5 10. Nc4 h6 11. a4 Bg4 12. h3 Be6 13. Nfd2 Qd7 14. Kh2 b6 15. Na3 Rad8 16. Ndc4 d5 17. Nd2 f5 18. exd5 Bxd5 19. Bf1 g5 20. Nac4 Ng6 21. Qh5 Bf7 22. Qe2 Rfe8 23. Bg2 Bd5 24. Bf1 e4 25. dxe4 fxe4 26. Ne3 Bf7 27. Bg2 Nce5 28. Nxe4 Nd3 29. Rd1 c4 30. Ng4 Kh8 31. Be3 Qe7 32. Bd4 Bd5 33. Ngf6 Bxe4 34. Qxe4 Qxe4 35. Bxe4 Rxe4 36. Nxe4 Bxd4 37. cxd4 Rxd4 38. f3 Nge5 39. Kg2 a6 40. Rd2 Kg7 41. Nf2 Kf6 42. Rad1 b5 43. axb5 axb5 44. b3 Ke6 45. bxc4 bxc4 46. Ne4 Kd5 47. Ra2 Nf4+ 48. gxf4 Rxd1 49. Nc3+ Kd4 50. Nxd1 gxf4 51. Re2 Nd3 52. Re4+ Kc5 53. Nc3 Kb4 54. Nd5+ Kb3 55. Nxf4 Nc5 56. Re3+ c3 57. Ne2 Na4 58. f4 Kc4 59. Nxc3 Nc5 60. Ne2 Kd5 61. Kf3 Nd7 62. Rd3+ 1-0


[Site "https://www.chess.com"]

[Event "Titled Tuesday Blitz December 27 Late 2022"]
[White "Kaganskiy, Gleb"]
[Black "Rodriguez Fontecha, Marcos"]
[WhiteFideId "4132025"]
[BlackFideId "2256576"]
[WhiteElo "2205"]
[BlackElo "2309"]
[Result "0-1"]
[Round "09"]
[TimeControl "180+2"]
[Date "2022.12.27"]
[WhiteClock "0:00:45"]
[BlackClock "0:01:12"]

1. e4 e6 2. d4 d5 3. Nd2 c5 4. Ngf3 cxd4 5. Nxd4 Nf6 6. exd5 Qxd5 7. N2f3 Nc6 8. Nxc6 Qxd1+ 9. Kxd1 bxc6 10. h3 Bc5 11. Be3 Bxe3 12. fxe3 Ne4 13. Ke1 Rb8 14. b3 c5 15. Bd3 Bb7 16. Rd1 Nc3 17. Ra1 Ke7 18. Kd2 Nd5 19. Be4 Rhd8 20. Bxd5 Bxd5 21. Ke2 c4 22. Rhd1 Rdc8 23. Rac1 Rb6 24. Ne5 cxb3 25. cxb3 Rxc1 26. Rxc1 Bxg2 27. Rg1 Be4 28. Rxg7 Kf6 29. Rxf7+ Kxe5 30. Rxa7 Rc6 31. Ra5+ Kf6 32. Kf2 Rc2+ 33. Kg3 e5 34. b4 Kf5 35. b5 Rg2+ 36. Kh4 Re2 37. a4 Rxe3 38. Ra7 Bg2 39. Rf7+ Kg6 40. Re7 Rxh3+ 41. Kg4 h5# 0-1


[Site "https://www.chess.com"]

[Event "Titled Tuesday Blitz December 27 Late 2022"]
[White "Kavutskiy, Konstantin"]
[Black "Ibadov, Dashgyn"]
[WhiteFideId "2026384"]
[BlackFideId "24107514"]
[WhiteElo "2414"]
[BlackElo "2391"]
[Result "1-0"]
[Round "09"]
[TimeControl "180+2"]
[Date "2022.12.27"]
[WhiteClock "0:00:57"]
[BlackClock "0:00:01"]

1. d4 Nf6 2. Bg5 Ne4 3. Bf4 d5 4. e3 c5 5. Nd2 Nxd2 6. Qxd2 Nc6 7. Nf3 cxd4 8. exd4 Bf5 9. Be2 e6 10. O-O Be7 11. c3 O-O 12. Rfe1 h6 13. Bd3 Bxd3 14. Qxd3 a6 15. Re3 b5 16. a3 Ra7 17. Rae1 Rb7 18. Ne5 Nxe5 19. Bxe5 Bd6 20. Rg3 Bxe5 21. dxe5 Rc7 22. Qe3 Kh8 23. Rd1 Rc4 24. Rd4 Qc7 25. Rgg4 Rxd4 26. Rxd4 Rc8 27. Qg3 Qe7 28. Rg4 Qf8 29. h4 Rc4 30. Rxc4 bxc4 31. Qe3 Qb8 32. Qc5 Qxb2 33. Qf8+ Kh7 34. Qxf7 Qxc3 35. Qxe6 Qc1+ 36. Kh2 Qf4+ 37. Kh3 c3 38. Qxd5 Qf5+ 39. g4 Qc2 40. Kg3 1-0


[Site "https://www.chess.com"]

[Event "Titled Tuesday Blitz December 27 Late 2022"]
[White "Kho, Darrell"]
[Black "Harish, Neeraj"]
[WhiteFideId "1019317"]
[BlackFideId "30958130"]
[WhiteElo "2075"]
[BlackElo "2232"]
[Result "0-1"]
[Round "09"]
[TimeControl "180+2"]
[Date "2022.12.27"]
[WhiteClock "0:00:09"]
[BlackClock "0:00:33"]

1. e4 c5 2. Nf3 Nc6 3. Bb5 g6 4. O-O Bg7 5. c3 e5 6. Re1 Nge7 7. d3 O-O 8. Bg5 h6 9. Be3 d6 10. Nbd2 f5 11. Bc4+ Kh7 12. Nf1 f4 13. Bd2 g5 14. h3 Ng6 15. d4 exd4 16. cxd4 Nxd4 17. Bc3 Nxf3+ 18. Qxf3 Ne5 19. Bxe5 Bxe5 20. Rad1 Qf6 21. Bd5 Rb8 22. Qa3 a6 23. Qb3 b5 24. Nd2 Bb7 25. Nf3 c4 26. Qc2 Bxd5 27. exd5+ Kg7 28. Nxe5 dxe5 29. d6 Rbd8 30. Rd5 Rfe8 31. d7 Re7 32. Red1 e4 33. Rd6 Qf7 34. Qc3+ Kh7 35. Qd4 e3 36. Qb6 Rdxd7 37. Rxh6+ Kg7 38. Rdd6 Rxd6 39. Qxd6 e2 0-1


[Site "https://www.chess.com"]

[Event "Titled Tuesday Blitz December 27 Late 2022"]
[White "Kobo, Ori"]
[Black "Poltorak, Sebastian"]
[WhiteFideId "2812320"]
[BlackFideId "1199498"]
[WhiteElo "2559"]
[BlackElo "2354"]
[Result "1/2-1/2"]
[Round "09"]
[TimeControl "180+2"]
[Date "2022.12.27"]
[WhiteClock "0:00:03"]
[BlackClock "0:00:05"]

1. e4 Nc6 2. Nf3 f5 3. exf5 d5 4. d4 Bxf5 5. Bd3 Bg4 6. c3 Nf6 7. Bf4 e6 8. h3 Bh5 9. Nbd2 Bd6 10. Bxd6 Qxd6 11. Qb3 O-O-O 12. O-O g5 13. Rae1 g4 14. Ne5 gxh3 15. g3 Nd7 16. f4 Ncxe5 17. fxe5 Qe7 18. Kh2 Rhg8 19. Rf4 Qg5 20. Nf1 Rdf8 21. Rxf8+ Rxf8 22. Qc2 Bf3 23. Qd2 Qg7 24. Ne3 Rg8 25. Qf2 Rf8 26. Qg1 h5 27. Rf1 Bg4 28. Rf4 c5 29. Qf2 cxd4 30. cxd4 Kb8 31. Bb5 Rxf4 32. Qxf4 Nb6 33. a4 a6 34. Bd3 Nxa4 35. Qf6 Qc7 36. Qf8+ Ka7 37. Qb4 Nb6 38. Qd2 Qf7 39. b3 Qf3 40. b4 Nc4 41. Bxc4 dxc4 42. d5 exd5 43. Nxd5 c3 44. Nxc3 Qg2+ 45. Qxg2 hxg2 46. Kxg2 Kb6 47. Kf2 a5 48. bxa5+ Kxa5 49. Ke3 b5 50. Nd5 b4 51. Nxb4 Kxb4 52. Kf4 Kc5 53. Kg5 Kd5 54. Kf6 Be6 55. Kg6 Bg4 56. Kf6 Kc6 57. e6 Kd6 58. e7 Bd7 59. Kf7 Ke5 60. Kg6 Be8+ 61. Kg5 Ke6 62. g4 hxg4 63. Kxg4 Kxe7 1/2-1/2


[Site "https://www.chess.com"]

[Event "Titled Tuesday Blitz December 27 Late 2022"]
[White "Kopacz, Grzegorz"]
[Black "Joubert, Dantelle"]
[WhiteFideId "1109880"]
[BlackFideId "14310813"]
[WhiteElo "1997"]
[BlackElo "1566"]
[Result "0-1"]
[Round "09"]
[TimeControl "180+2"]
[Date "2022.12.27"]
[WhiteClock "0:00:12"]
[BlackClock "0:00:33"]

1. d4 d5 2. c4 c6 3. Nc3 Nf6 4. Nf3 e6 5. cxd5 exd5 6. Bg5 Bf5 7. e3 Nbd7 8. Ne5 Bd6 9. f4 h6 10. Bh4 Qb6 11. Qc1 Ne4 12. Be2 Bxe5 13. fxe5 g5 14. Bf2 Nxf2 15. Kxf2 f6 16. Bh5+ Ke7 17. exf6+ Nxf6 18. Be2 Raf8 19. Rf1 Bg4 20. Kg1 Bxe2 21. Nxe2 Ng4 22. Qd2 Qc7 23. g3 Ke8 24. Qd3 Qe7 25. Qg6+ Kd8 26. Rxf8+ Rxf8 27. Nc3 Qxe3+ 28. Kh1 Qf3+ 29. Kg1 Qf2+ 30. Kh1 Qxh2# 0-1


[Site "https://www.chess.com"]

[Event "Titled Tuesday Blitz December 27 Late 2022"]
[White "Korchmar, Vasiliy"]
[Black "Janaszak, Dawid"]
[WhiteFideId "24131750"]
[BlackFideId "1119206"]
[WhiteElo "2438"]
[BlackElo "2316"]
[Result "0-1"]
[Round "09"]
[TimeControl "180+2"]
[Date "2022.12.27"]
[WhiteClock "0:00:02"]
[BlackClock "0:00:04"]

1. e4 e5 2. Nf3 Nc6 3. Bc4 Nf6 4. d3 Bc5 5. c3 d6 6. Bg5 h6 7. Bh4 a5 8. O-O g5 9. Bg3 h5 10. h4 Nh7 11. d4 Ba7 12. dxe5 g4 13. exd6 gxf3 14. Qxf3 Qf6 15. Qxh5 cxd6 16. Na3 Be6 17. Bxe6 Qxe6 18. Nb5 O-O-O 19. Nxa7+ Nxa7 20. Qxa5 Nc6 21. Qd5 Qxd5 22. exd5 Ne7 23. c4 Nf5 24. Rac1 Nf6 25. c5 Ne4 26. cxd6+ Kb8 27. Be5 f6 28. Bf4 Nd4 29. Rfe1 Nxd6 30. Re4 Nf5 31. Re6 Rxh4 32. g3 Rxf4 33. gxf4 Rg8+ 34. Kf1 Nb5 35. Rxf6 Nfd4 36. a4 Nc7 37. d6 Nd5 38. Rf7 Nf3 39. Ke2 Nd4+ 40. Kd3 Nc6 41. Rh1 Rd8 42. Rh6 Ndb4+ 43. Kc4 Na6 44. f5 Ne5+ 45. Kd5 Nxf7 46. Rf6 Ng5 47. Rg6 Nf3 48. f6 Nc7+ 49. Ke4 Rxd6 50. f7 Nd2+ 0-1


[Site "https://www.chess.com"]

[Event "Titled Tuesday Blitz December 27 Late 2022"]
[White "Kozin, Yuri"]
[Black "Sadilek, Peter"]
[WhiteFideId "4129920"]
[BlackFideId "1616439"]
[WhiteElo "2251"]
[BlackElo "2314"]
[Result "1-0"]
[Round "09"]
[TimeControl "180+2"]
[Date "2022.12.27"]
[WhiteClock "0:01:20"]
[BlackClock "0:01:39"]

1. e4 e6 2. d4 d6 3. Bd3 Nf6 4. f4 d5 5. e5 Nfd7 6. f5 c5 7. c3 cxd4 8. cxd4 Nc6 9. Nf3 Qb6 10. Bc2 exf5 11. Nc3 Bb4 12. O-O Bxc3 13. bxc3 g6 14. Ba3 Qa5 15. Bd6 Nf8 16. Ba4 Bd7 17. Rb1 Nxe5 18. Nxe5 Bxa4 19. Qe1 Ne6 20. Rxb7 O-O-O 21. Rb8# 1-0


[Site "https://www.chess.com"]

[Event "Titled Tuesday Blitz December 27 Late 2022"]
[White "Krasteva, Beloslava"]
[Black "Bambino Filho, Antonio Carlos"]
[WhiteFideId "2922029"]
[BlackFideId "2113163"]
[WhiteElo "2220"]
[BlackElo "2144"]
[Result "0-1"]
[Round "09"]
[TimeControl "180+2"]
[Date "2022.12.27"]
[WhiteClock "0:00:01"]
[BlackClock "0:00:43"]

1. e4 c5 2. Be2 Nc6 3. f4 g6 4. Nf3 Bg7 5. d3 d6 6. O-O e6 7. Qe1 Nge7 8. Nc3 O-O 9. Qh4 Nd4 10. f5 exf5 11. Bg5 f6 12. Bh6 Nxe2+ 13. Nxe2 fxe4 14. dxe4 Nc6 15. Nc3 Be6 16. Bxg7 Kxg7 17. Nd5 Bxd5 18. exd5 Ne5 19. Nd2 f5 20. Qg3 Qa5 21. Nf3 Nxf3+ 22. Rxf3 Qc7 23. Re1 Rae8 24. Rd3 Rxe1+ 25. Qxe1 Qf7 26. Qc3+ Qf6 27. Qb3 b6 28. Qb5 Rf7 29. Qc6 Re7 30. Qc8 Re1+ 31. Kf2 Qe7 32. Kg3 Re2 33. Rf3 Re4 34. Kf2 Qh4+ 0-1


[Site "https://www.chess.com"]

[Event "Titled Tuesday Blitz December 27 Late 2022"]
[White "Kravtsiv, Martyn"]
[Black "Averjanov, Alexey"]
[WhiteFideId "14113147"]
[BlackFideId "14109867"]
[WhiteElo "2598"]
[BlackElo "2399"]
[Result "1-0"]
[Round "09"]
[TimeControl "180+2"]
[Date "2022.12.27"]
[WhiteClock "0:01:27"]
[BlackClock "0:01:24"]

1. e4 c6 2. Nf3 d5 3. d3 Qc7 4. Nc3 dxe4 5. Nxe4 Bg4 6. h3 Bh5 7. g4 Bg6 8. Bg2 Nd7 9. Qe2 Ngf6 10. Nxf6+ Nxf6 11. Ne5 Nd7 12. Nxg6 hxg6 13. Bd2 e6 14. O-O-O Bd6 15. Kb1 O-O-O 16. Bc3 Be5 17. d4 Bd6 18. b3 Nf6 19. Bb2 Nd5 20. Qf3 Rhf8 21. c4 Nf6 22. Rhe1 Rd7 23. g5 Nh5 24. Qg4 Rfd8 25. d5 Bb4 26. dxe6 Rxd1+ 27. Rxd1 Rxd1+ 28. Qxd1 fxe6 29. Qg4 Qd6 30. Be4 Nf4 31. Qf3 Qd2 32. Bc1 Qe1 33. Qxf4 Ba3 34. Qe3 1-0


[Site "https://www.chess.com"]

[Event "Titled Tuesday Blitz December 27 Late 2022"]
[White "Liu, Casper"]
[Black "Ezat, Mohamed"]
[WhiteFideId "1454153"]
[BlackFideId "10600906"]
[WhiteElo "2278"]
[BlackElo "2402"]
[Result "1-0"]
[Round "09"]
[TimeControl "180+2"]
[Date "2022.12.27"]
[WhiteClock "0:00:23"]
[BlackClock "0:00:04"]

1. d4 Nf6 2. Bg5 Ne4 3. Bf4 d5 4. Nd2 Nxd2 5. Qxd2 a6 6. O-O-O Nc6 7. f3 Bf5 8. g4 Bg6 9. h4 h5 10. e3 e6 11. Bd3 Bxd3 12. Qxd3 hxg4 13. fxg4 Rxh4 14. Bxc7 Qf6 15. g5 Qf2 16. Rf1 Qxf1+ 17. Qxf1 Rxh1 18. g6 f5 19. Qg2 Rh5 20. Nf3 Be7 21. Qg3 Kd7 22. Be5 Rah8 23. Bxg7 Rg8 24. Be5 Rh6 25. g7 Bf6 26. Bc7 Rxg7 27. Qd6+ Kc8 28. Bb6 Bd8 29. Bxd8 Nxd8 30. Ne5 Rc7 31. b3 Rh2 32. c4 dxc4 33. bxc4 Rg7 34. Ng6 Rh1+ 35. Kd2 Rxg6 36. c5 Rg2+ 37. Kd3 Rd1+ 38. Kc3 Rc1+ 39. Kd3 Nc6 40. Qxe6+ Kb8 41. Qxf5 Nb4+ 42. Ke4 Re2 43. Qd7 Nc6 44. d5 Rc3 45. dxc6 Rcxe3+ 46. Kf4 Re4+ 47. Kf5 Re5+ 48. Kf6 Re6+ 49. Qxe6 Rxe6+ 50. Kxe6 Kc7 51. cxb7 Kxb7 52. Kd7 Ka7 53. c6 Kb6 54. c7 Ka7 55. c8=Q a5 56. Kc6 1-0


[Site "https://www.chess.com"]

[Event "Titled Tuesday Blitz December 27 Late 2022"]
[White "Liu, Kelsey"]
[Black "Ptacnikova, Lenka"]
[WhiteFideId "30944481"]
[BlackFideId "305650"]
[WhiteElo "2065"]
[BlackElo "2099"]
[Result "0-1"]
[Round "09"]
[TimeControl "180+2"]
[Date "2022.12.27"]
[WhiteClock "0:01:01"]
[BlackClock "0:01:43"]

1. e4 c5 2. Nf3 e6 3. Nc3 Nc6 4. d4 cxd4 5. Nxd4 Nf6 6. Ndb5 Bb4 7. a3 Bxc3+ 8. Nxc3 d5 9. exd5 exd5 10. Bb5 d4 11. Ne2 Qa5+ 12. Bd2 Qxb5 13. O-O O-O 14. Nf4 Bf5 15. Qf3 Bxc2 16. Rfc1 Qxb2 17. Nd5 Nxd5 18. Qxd5 d3 19. Qc5 Qe5 0-1


[Site "https://www.chess.com"]

[Event "Titled Tuesday Blitz December 27 Late 2022"]
[White "Lutz, Igor Oscar"]
[Black "Hernandez Jimenez, Alexander Andres"]
[WhiteFideId "2110806"]
[BlackFideId "3900452"]
[WhiteElo "1969"]
[BlackElo "2134"]
[Result "1-0"]
[Round "09"]
[TimeControl "180+2"]
[Date "2022.12.27"]
[WhiteClock "0:00:17"]
[BlackClock "0:00:04"]

1. d4 Nf6 2. c4 e6 3. g3 Bb4+ 4. Bd2 a5 5. Bg2 c5 6. Nf3 O-O 7. O-O d6 8. Bg5 cxd4 9. Nxd4 Nbd7 10. Nb5 Ne5 11. a3 Bc5 12. Qc2 h6 13. Bf4 Ng6 14. Bd2 Qe7 15. N1c3 Rb8 16. Rad1 d5 17. cxd5 exd5 18. Nxd5 Nxd5 19. Bxd5 Bg4 20. Qxg6 Qxe2 21. Bxh6 Bxf2+ 22. Rxf2 Qxd1+ 23. Rf1 Qxf1+ 24. Kxf1 Bh3+ 25. Kg1 1-0


[Site "https://www.chess.com"]

[Event "Titled Tuesday Blitz December 27 Late 2022"]
[White "Makarian, Rudik"]
[Black "Preotu, Razvan"]
[WhiteFideId "44105681"]
[BlackFideId "2613280"]
[WhiteElo "2545"]
[BlackElo "2475"]
[Result "1/2-1/2"]
[Round "09"]
[TimeControl "180+2"]
[Date "2022.12.27"]
[WhiteClock "0:00:05"]
[BlackClock "0:00:07"]

1. d4 Nf6 2. Bg5 d5 3. e3 c5 4. Bxf6 gxf6 5. dxc5 e6 6. c4 dxc4 7. Qa4+ Nc6 8. Nc3 Bxc5 9. Bxc4 Qa5 10. Qb3 Qb4 11. Nf3 Bd7 12. O-O Na5 13. Qxb4 Bxb4 14. Be2 Bxc3 15. bxc3 Ke7 16. Rac1 Rhc8 17. Rfd1 Rc7 18. Bd3 h6 19. Nd4 Rac8 20. Ne2 Ba4 21. Re1 Rd8 22. Bc2 Bb5 23. Nd4 Ba6 24. Bd1 Rdc8 25. Be2 Rxc3 26. Rxc3 Rxc3 27. Bxa6 bxa6 28. g4 Nc6 29. Nf3 Ra3 30. Rc1 Kd6 31. Rd1+ Kc7 32. Rd2 Nb4 33. Rd4 a5 34. Rf4 Kd7 35. Rxf6 Ke7 36. Rxh6 Rxa2 37. g5 Rc2 38. Rh7 Kf8 39. Ne5 Rc7 40. g6 Rc1+ 41. Kg2 fxg6 42. Nxg6+ Kg8 43. Rxa7 Nc6 44. Ra6 Kg7 45. Nf4 Kf6 46. h4 e5 47. Ne2 Rc2 48. Ng3 Ke6 49. h5 Kf6 50. Kf3 Kg5 51. Ra8 Rc4 52. Rg8+ Kh6 53. Rg6+ Kh7 54. Nf5 a4 55. Rg7+ Kh8 56. h6 a3 57. Rc7 Ra4 58. Rxc6 a2 59. Rc8+ Kh7 60. Rc7+ Kg6 61. h7 a1=Q 62. h8=Q Qd1+ 63. Kg2 Rg4+ 64. Kh3 Qf3+ 65. Ng3 Rxg3+ 66. fxg3 Qh1+ 67. Kg4 Qe4+ 68. Kh3 Qh1+ 69. Kg4 Qe4+ 70. Kh3 Qh1+ 1/2-1/2


[Site "https://www.chess.com"]

[Event "Titled Tuesday Blitz December 27 Late 2022"]
[White "Marcolino, Daniel Mattos"]
[Black "White, John S."]
[WhiteFideId "2106841"]
[BlackFideId "2502348"]
[WhiteElo "2006"]
[BlackElo "2235"]
[Result "1/2-1/2"]
[Round "09"]
[TimeControl "180+2"]
[Date "2022.12.27"]
[WhiteClock "0:00:07"]
[BlackClock "0:00:07"]

1. d4 Nf6 2. Nf3 g6 3. g3 Bg7 4. Bg2 O-O 5. O-O d6 6. b3 c5 7. Bb2 cxd4 8. Nxd4 a6 9. c4 Qc7 10. Nc3 Nc6 11. Nxc6 bxc6 12. Rc1 Bb7 13. Na4 c5 14. Bxb7 Qxb7 15. Bxf6 Bxf6 16. Nc3 Rfd8 17. Nd5 Bg7 18. Qc2 e6 19. Nf4 Rac8 20. Rfd1 d5 21. cxd5 exd5 22. e3 d4 23. Qe2 dxe3 24. fxe3 Qb5 25. Kf2 Rxd1 26. Rxd1 c4 27. bxc4 Qxc4 28. Qxc4 Rxc4 29. Rd8+ Bf8 30. Nd5 Kg7 31. Nf4 Rc2+ 32. Kf3 Rxa2 33. h4 a5 34. Ra8 a4 35. Nd5 Rd2 36. Nc3 Rd3 37. Nxa4 Ra3 38. Nb6 Rxa8 39. Nxa8 f5 40. Nb6 Bc5 41. Nd5 Bd6 42. Nf4 Bxf4 43. exf4 1/2-1/2


[Site "https://www.chess.com"]

[Event "Titled Tuesday Blitz December 27 Late 2022"]
[White "Martinez Alcantara, Jose Eduardo"]
[Black "Rasulov, Vugar"]
[WhiteFideId "3805662"]
[BlackFideId "13402390"]
[WhiteElo "2619"]
[BlackElo "2523"]
[Result "1-0"]
[Round "09"]
[TimeControl "180+2"]
[Date "2022.12.27"]
[WhiteClock "0:00:06"]
[BlackClock "0:00:02"]

1. e4 e5 2. Nf3 Nc6 3. Bb5 a6 4. Ba4 Nf6 5. d3 b5 6. Bb3 Be7 7. Nc3 d6 8. a3 O-O 9. O-O Be6 10. Nd5 Re8 11. Bd2 h6 12. h3 Bf8 13. a4 Bxd5 14. exd5 Ne7 15. c4 Rb8 16. Re1 bxc4 17. dxc4 Nf5 18. Bc3 g6 19. a5 Bg7 20. Ba4 Re7 21. Rb1 e4 22. Nd4 Nxd4 23. Bxd4 Nh5 24. Bxg7 Nxg7 25. b4 Nf5 26. b5 axb5 27. cxb5 Re5 28. Qd2 Qh4 29. Bc2 Rbe8 30. Rb4 h5 31. a6 e3 32. Rxe3 Qf6 33. Rxe5 Qxe5 34. Ra4 Ne7 35. Rd4 Nc8 36. Qd1 Qf6 37. Re4 Rxe4 38. Bxe4 Qb2 39. Qd3 Nb6 40. g3 Kg7 41. h4 Qb4 42. Kg2 f5 43. Bf3 Qb2 44. Qe3 Qxb5 45. Qe7+ Kh6 46. a7 Qc5 47. Qf8+ Kh7 48. a8=Q Nxa8 49. Qxa8 Qb6 50. Qe8 Kg7 51. Qe7+ Kh6 52. Qf6 Kh7 53. Qf7+ Kh6 54. Qg8 Qd4 55. Qc8 Qc3 56. Be2 Kg7 57. Qd7+ Kf6 58. Qd8+ Kf7 59. Bb5 Qc5 60. Be8+ Kf8 61. Bxg6+ Kg7 62. Bxh5 Qxd5+ 63. Bf3 Qc5 64. h5 d5 65. Qg5+ Kh8 66. Qxf5 c6 67. Qf6+ Kg8 68. Bg4 Qc4 69. Be6+ Kh7 70. Qg6+ Kh8 71. Qg8# 1-0


[Site "https://www.chess.com"]

[Event "Titled Tuesday Blitz December 27 Late 2022"]
[White "Martinez Reyes, Pedro Ramon"]
[Black "TheKnightOfBosnia"]
[WhiteFideId "3901807"]
[WhiteElo "2376"]
[BlackElo "2434"]
[Result "1-0"]
[Round "09"]
[TimeControl "180+2"]
[Date "2022.12.27"]
[WhiteClock "0:00:35"]
[BlackClock "0:00:02"]

1. Nh3 Nf6 2. g3 g6 3. f4 Bg7 4. Bg2 O-O 5. d3 Nc6 6. O-O d5 7. c3 e5 8. Na3 a6 9. Nc2 Be6 10. Ng5 Bg4 11. h3 Bd7 12. Kh2 Qe7 13. e4 dxe4 14. Nxe4 Rad8 15. Nxf6+ Qxf6 16. fxe5 Qxe5 17. Bf4 Qa5 18. d4 Ne7 19. Nb4 Qb6 20. Re1 Be6 21. Bg5 f6 22. Qe2 fxg5 23. Qxe6+ Qxe6 24. Rxe6 Nc8 25. Rf1 Rxf1 26. Bxf1 Nd6 27. Nd5 c6 28. Nb6 Kf7 29. Re2 Nf5 30. g4 Nd6 31. Bg2 Re8 32. Rxe8 Kxe8 33. Kg3 Kd8 34. Bf1 Ne4+ 35. Kf3 Nd2+ 36. Ke2 Ne4 37. Nc4 Ke7 38. Bg2 Nd6 39. Ne3 h5 40. Bf3 hxg4 41. hxg4 Kd7 42. Kd3 Kc7 43. Be4 Nxe4 44. Kxe4 Kd6 45. Nc4+ Ke6 46. Na5 c5 47. dxc5 Kd7 48. Kd5 Kc7 49. c6 b6 50. Nc4 Bf8 51. Ne5 a5 52. Nxg6 Bc5 53. Ne5 Be3 54. Nc4 Bf2 55. a4 Bg1 56. b4 1-0


[Site "https://www.chess.com"]